 Dungeon Crawl Stone Soup version 0.31-a0-210-gccc998df9b (webtiles) character file.

Game seed: 379606340617540144

166 qw the Shooter (level 5, -2/45 HPs)
             Began as a Minotaur Hexslinger on June 29, 2023.
             Slain by a gnoll
             ... wielding a +0 halberd
              (11 damage)
             ... on level 3 of the Dungeon.
             The game lasted 00:00:51 (2100 turns).

qw the Shooter (Minotaur Hexslinger)                Turns: 2100, Time: 00:00:51

Health: -2/45      AC:  6    Str: 12    XL:     5   Next: 22%
Magic:  5/5        EV: 11    Int: 10    God:
Gold:   76         SH:  0    Dex: 15    Spells: 5/6 levels left

rFire   . . .        Y - +1 sling
rCold   . . .        (no shield)
rNeg    . . .        g - +0 ring mail
rPois   .            (helmet restricted)
rElec   .            b - +0 cloak
rCorr   +            (no gloves)
SInv    .            (no boots)
Will    .....        (no amulet)
Stlth   +            c - ring of resist corrosion
HPRegen 0.27/turn    (no ring)
MPRegen 0.09/turn

%: no passive effects
@: no status effects
A: horns 2, retaliatory headbutt
a: no special abilities


You were on level 3 of the Dungeon.
You visited 1 branch of the dungeon, and saw 3 of its levels.

You collected 76 gold pieces.


Innate Abilities, Weirdness & Mutations

You have a pair of horns on your head.
You reflexively headbutt those who attack you in melee.


   Skills:
 - Level 3.0 Fighting
 + Level 5.2 Ranged Weapons
 - Level 1.1 Armour
 - Level 2.1 Dodging
 - Level 1.0 Spellcasting
 - Level 2.0 Hexes


You had 5 spell levels left.
You knew the following spells:

 Your Spells              Type           Power      Damage    Failure   Level
a - Slow                  Hex            16%        N/A       34%         1

Your spell library contained the following spells:

 Spells                   Type           Power      Damage    Failure   Level
 Inner Flame              Hex/Fire       2%         N/A       83%         3
 Portal Projectile        Hex/Tloc       4%         N/A       83%         3
 Cause Fear               Hex            2%         N/A       98%         4

Inventory:

Hand Weapons
 Y - a +1 sling (weapon)
Armour
 b - a +0 cloak (worn)
 g - a +0 ring mail (worn)
Jewellery
 c - a ring of resist corrosion (left hand)
Scrolls
 a - 2 scrolls of identify
Potions
 f - a potion of mutation {unknown}
 h - a potion of curing {unknown}
 j - a potion of enlightenment {unknown}

Dungeon Overview and Level Annotations

Branches:
Dungeon (3/15)

Altars:
Gozag
Hepliaklqana


Message History

The gnoll is severely wounded.
The gnoll hits you with a +0 whip. The gnoll misses you.
The gnoll hits you but does no damage.
You shoot a sling bullet.
The sling bullet barely misses the gnoll.
The gnoll barely misses you. The gnoll hits you with a +0 flail.
The gnoll closely misses you.
You shoot a sling bullet.
The sling bullet closely misses the gnoll.
The gnoll hits you with a +0 whip. The gnoll hits you with a +0 flail.
The gnoll completely misses you. The gnoll misses you. x2
You furiously retaliate!
You headbutt the gnoll.
You kill the gnoll!
The gnoll closely misses you.
You shoot a sling bullet. The sling bullet hits the gnoll.
The gnoll is heavily wounded.
The gnoll barely misses you. The gnoll closely misses you.
You shoot a sling bullet. The sling bullet hits the gnoll!
You kill the gnoll!
The gnoll closely misses you.
You shoot a sling bullet.
The sling bullet closely misses the gnoll.
The gnoll closely misses you.
The gnoll hits you from afar with a +0 halberd!
You shoot a sling bullet.
The sling bullet barely misses the gnoll.
The gnoll hits you from afar with a +0 halberd.
You shoot a sling bullet.
The sling bullet hits the gnoll but does no damage.
The gnoll barely misses you.
You shoot a sling bullet.
The sling bullet closely misses the gnoll.
The gnoll hits you from afar with a +0 halberd.
You shoot a sling bullet.
The sling bullet barely misses the gnoll.
The gnoll barely misses you. The gnoll hits you but does no damage.
You shoot a sling bullet.
The sling bullet closely misses the gnoll.
The gnoll hits you from afar with a +0 halberd!
You die...

..### #..#......¤.. ###
......... )....####.¤~~
### ......... #..~¤ ....
.......<. ###..¤¤ ##...
........# ..#.¤~¤ ##
..#...... ...¤¤. ######
..<..g#.# ####..~.
.....# .......)#
......~. .....#
......)@# ......~¤
.....##. ........#
......~~ ........
........###### #.#...
........ ......#......#
#.###. .....#
.......#.###..#####.##..
.....# .....#.#.#
#.[...#.##.# ######
.#####.#.# #....... #
........## ######.####
######...####..........


You could see a gnoll.

Vanquished Creatures
  Natasha (twice) (D:3)
  2 gnolls (D:3)
  4 adders
  A dart slug (D:3)
  3 orcs (D:3)
  8 bats
  6 endoplasms
  A giant cockroach (D:1)
  4 goblins
  7 hobgoblins
  4 kobolds
  A quokka (D:2)
  8 ball pythons
  A frilled lizard (D:2)
  5 rats
57 creatures vanquished.

Notes
Turn   | Place    | Note
-------+----------+-------------------------------------------
     0 | D:1      | qw the Minotaur Hexslinger began the quest for the Orb.
     0 | D:1      | Reached XP level 1. HP: 16/16 MP: 1/1
     0 | D:1      | 0 ||| qw: Version: 0.3-a-24-g62f9e04
     0 | D:1      | 0 ||| qw: Game counter: 6665
     0 | D:1      | 0 ||| qw: Melee chars always use a shield: true
     0 | D:1      | 0 ||| qw: God list: Okawaru
     0 | D:1      | 0 ||| qw: Allow faded altars: false
     0 | D:1      | 0 ||| qw: Do Orc after clearing Dungeon:15 true
     0 | D:1      | 0 ||| qw: Do second Lair branch before Depths: true
     0 | D:1      | 0 ||| qw: Lair rune preference: random
     0 | D:1      | 0 ||| qw: Goals: Normal
     0 | D:1      | 0 ||| PLANNING D:1-11
    64 | D:1      | Reached skill level 3 in Ranged Weapons
    77 | D:1      | Reached XP level 2. HP: 23/23 MP: 2/2
   664 | D:1      | 664 ||| UPGRADING to +0 ring mail.
   674 | D:1      | 674 ||| DROPPING +0 robe.
   675 | D:1      | 675 ||| READING 2 scrolls labelled HANUACS SOUSM.
   676 | D:1      | 676 ||| READING scroll labelled JEMOSESAARO.
   677 | D:1      | 677 ||| DRINKING 2 glowing dark potions.
   678 | D:1      | 678 ||| DROPPING scroll of poison.
   787 | D:2      | Found a hazy altar of Hepliaklqana.
   826 | D:2      | Reached XP level 3. HP: 29/29 MP: 3/3
   924 | D:2      | Reached skill level 4 in Ranged Weapons
   973 | D:2      | Reached skill level 1 in Armour
  1332 | D:2      | 1332 ||| UPGRADING to +0 cloak.
  1337 | D:2      | 1337 ||| UPGRADING to ring of resist corrosion.
  1338 | D:2      | 1338 ||| READING scroll labelled ZAILLOSKYQ.
  1339 | D:2      | 1339 ||| READING scroll labelled FYTWIZXUCA.
  1440 | D:2      | 1440 ||| READING scroll labelled AHOUNIFEAPS.
  1578 | D:3      | Reached XP level 4. HP: 29/36 MP: 4/4
  1690 | D:3      | Noticed Natasha
  1699 | D:3      | Killed Natasha
  1700 | D:3      | Reached skill level 5 in Ranged Weapons
  1776 | D:3      | 1776 ||| FLEEEEING.
  1777 | D:3      | 1777 ||| FLEEEEING.
  1778 | D:3      | 1778 ||| FLEEEEING.
  1812 | D:3      | Found an opulent altar of Gozag.
  1947 | D:3      | Noticed Natasha
  1955 | D:3      | Killed Natasha
  1956 | D:3      | Reached skill level 3 in Fighting
  1956 | D:3      | Reached XP level 5. HP: 40/45 MP: 5/5
  2085 | D:3      | HP: 11/45 [gnoll/+0 halberd (7)]
  2086 | D:3      | 2086 ||| DRINKING potion of heal wounds.
  2098 | D:3      | HP: 9/45 [gnoll/+0 halberd (5)]
  2100 | D:3      | Slain by a gnoll

Levels and vault maps discovered:
D:1:      dpeg_arrival_tiny_a, layout_basic, grunt_decor_cap
D:2:      layout_loops_cross, basic_altar
D:3:      layout_rooms, grunt_temple_overflow_growth_and_decay,
          mainiacjoe_overflow_concentric_impassable, uniq_natasha

Skill      XL: |  1  2  3  4 |
---------------+-------------+-----
Ranged Weapons | 3 4 5 |  5.2
Fighting       | 2 3 |  3.0
Armour         | 1 |  1.1
Dodging        | |  2.1
Spellcasting   | |  1.0
Hexes          | |  2.0

Action                     |  1- 3 |  4- 6 || total
---------------------------+-------+-------++-------
   Fire: Sling             |   103 |    91 ||   194
    Use: Scroll            |     5 |       ||     5
         Potion            |     1 |     1 ||     2
 Armour: Robe              |     2 |       ||     2
         Ring mail         |    17 |    23 ||    40
  Dodge: Dodged            |    21 |    55 ||    76

Table legend:
 A = Non-vault XP
 B = Vault XP
 C = Vault XP percentage of total XP
 D = Non-vault monster count
 E = Vault monster count
 F = Vault count percentage of total count
                 A         B        C        D         E       F
            +---------+---------+-------+---------+---------+-------
      Total |     203 |      35 |  14.7 |      56 |       1 |   1.8
            +---------+---------+-------+---------+---------+-------
        D:1 |      24 |       0 |   0.0 |      14 |       0 |   0.0
        D:2 |      59 |       0 |   0.0 |      21 |       0 |   0.0
        D:3 |     120 |      35 |  22.6 |      21 |       1 |   4.5
            +---------+---------+-------+---------+---------+-------
